 Dungeon Crawl Stone Soup version 0.30-a0-629-gd54f4be4f7 (webtiles) character file.

Game seed: 14162166655331282066

825 kae the Changer (level 7, -12/57 HPs)
             Began as a Demonspawn Transmuter on Jan 12, 2023.
             Mangled by Edmund
             ... wielding a +3 heavy flail
              (13 damage)
             ... on level 5 of the Dungeon.
             The game lasted 00:07:01 (6079 turns).

kae the Changer (Demonspawn Transmuter)             Turns: 6079, Time: 00:07:02

Health: -12/57     AC:  6    Str: 10    XL:     7   Next: 64%
Magic:  12/12      EV: 10    Int: 16    God:
Gold:   349        SH:  0    Dex: 23    Spells: 3/13 levels left

rFire   x . .      SeeInvis .      - Unarmed
rCold   + + +      Faith    +    (shield currently unavailable)
rNeg    . . .      Spirit   .    (body armour currently unavailable)
rPois   +          Reflect  .    (helmet currently unavailable)
rElec   +          Harm     .    (cloak currently unavailable)
rCorr   .          Rampage  .    (gloves currently unavailable)
Will    .....                    (boots currently unavailable)
Stlth   ++                       k - amulet "Naedacih" {Faith Contam rElec rC+ Dex+9}
HPRegen 0.29/turn                (no ring)
MPRegen 0.13/turn                (no ring)

@: ice-form
A: freezing attack, amphibious, boosted hp, large, (horns 2), powered by pain 1,
(sturdy frame 1)
a: End Transformation


You were on level 5 of the Dungeon.
You were a creature of crystalline ice.
You visited 1 branch of the dungeon, and saw 5 of its levels.

You collected 349 gold pieces.


Innate Abilities, Weirdness & Mutations

You are a creature of crystalline ice.
You have a powerful freezing melee attack.
You are amphibious.
Your maximum health is increased.
Your armour is entirely melded.
You are incapable of wielding weapons or throwing items.
((You have a pair of horns on your head.))
You sometimes gain a little power by taking damage.
((Your movements are slightly less encumbered by armour. (ER -2)))


   Skills:
 - Level 1.0 Fighting
 - Level 1.7 Dodging
 + Level 4.3 Unarmed Combat
 + Level 3.9 Spellcasting
 * Level 5.1 Transmutations
 * Level 2.8 Ice Magic
 - Level 1.9 Poison Magic


You had 3 spell levels left.
You knew the following spells:

 Your Spells              Type           Power      Damage    Failure   Level
a - Beastly Appendage     Tmut           38%        N/A       1%          1
b - Wereblood             Tmut           19%        N/A       3%          2
c - Spider Form           Tmut/Pois      14%        N/A       12%         3
d - Ice Form              Ice/Tmut       16%        N/A       32%         4

Your spell library contained the following spells:

 Spells                   Type           Power      Damage    Failure   Level
 Ensorcelled Hibernation  Hex/Ice        14%        N/A       14%         2
 Portal Projectile        Hex/Tloc       6%         N/A       45%         3
 Tukima's Dance           Hex            3%         N/A       45%         3
 Blade Hands              Tmut           9%         N/A       50%         5
 Anguish                  Hex/Necr       1%         N/A       86%         4

Inventory:

Hand Weapons
 d - a +0 long sword
   (You found it on level 1 of the Dungeon)
Missiles
 c - 5 curare-tipped darts {=f}
 e - 53 stones
 g - 6 silver boomerangs
 n - 6 poisoned darts
Armour
 a - a +1 robe (melded)
 f - a scarf of harm (melded)
   (You found it on level 1 of the Dungeon)
 h - a +0 cloak
   (You found it on level 2 of the Dungeon)
Magical Staves
 i - a staff of poison {!a}
   (You found it on level 5 of the Dungeon)
Jewellery
 k - the amulet "Naedacih" (around neck) {Faith Contam rElec rC+ Dex+9}
   (You acquired it on level 3 of the Dungeon)

   [amulet of faith]

   It allows you to gain divine favour quickly.
   Dex:       It affects your dexterity (+9).
   rC:        It protects you from cold.
   rElec:     It insulates you from electricity.
   Contam:    It causes magical contamination when unequipped.
 w - the ring "Taatuugg" {*Corrode rElec rF+++ rN+ MP+9}
   (You took it off a gnoll bouda on level 5 of the Dungeon)

   [ring of positive energy]

   rF:        It renders you almost immune to fire.
   rElec:     It insulates you from electricity.
   rN:        It protects you from negative energy.
   MP:        It affects your magic capacity (+9).
   *Corrode:  It may corrode you when you take damage.
 I - a +6 ring of intelligence
   (You took it off a gnoll on level 5 of the Dungeon)
Scrolls
 b - 3 scrolls of noise {!r}
 m - 3 scrolls of amnesia
 o - a scroll of enchant weapon
 p - 2 scrolls of brand weapon
 r - 2 scrolls of fog
 s - a scroll of silence {!r}
 t - a scroll of teleportation {@r4}
 v - 2 scrolls of identify {@r1}
Potions
 j - a potion of magic {unknown}
 l - 2 potions of attraction {!q}
 q - 4 potions of haste {@q3}
 u - a potion of heal wounds {@q2}
 x - 3 potions of degeneration {unknown}

Dungeon Overview and Level Annotations

Branches:
Dungeon (5/15) Zot: 23911
 Temple: D:4-7

Altars:
Fedhas
Hepliaklqana
Makhleb
Uskayaw

Shops:
D:5 [

Annotations:
D:3 exclusions: 2 orcs and orc priest
D:5 Edmund

###.........
###...........
##...#########.
##..### #.
###....### #.
##...##...# #.
#..######.# #.
#.........# ##
#.Y#...#..#
#.@.#.#...#
#....∩....#
#...#.#..##
#..#...#.#
#........#
#....# ###
######


You could see Edmund.


Message History

😕 HP[-2]
You take 2 damage, and now have 46/48 hp.
You barely miss the iguana. The iguana bites you.
You hit the iguana.
The iguana is poisoned.
The iguana bites you!
You focus on the pain.
You feel your power returning. 😮 HP[-15] MP[+3]
You take 15 damage, and now have 31/48 hp.
MASSIVE DAMAGE!! (PAUSE)
Your mp is fully restored (12).
You hit the iguana but do no damage. The iguana bites you. 😮 HP[-6]
You take 6 damage, and now have 25/48 hp.
You hit the iguana but do no damage.
The iguana looks as sick as possible!
The iguana barely misses you. 😮 HP[+1]
You bite the iguana!
You kill the iguana!
Unknown command.
Your transformation is almost over.
Your transformation has ended.
Your scarf of harm unmelds from your body.
Your +1 robe unmelds from your body. 😮 HP[+3]
You regained 3 hp, and now have 29/48 hp.
Key pressed, stopping explore.
Unknown command. 😕 HP[+16]
You regained 16 hp, and now have 45/48 hp.
You open the door.
There is an open door here.
Found a stone staircase leading up.
x - 3 fuming purple potions (gained 2)
There is a stone staircase leading up here.
You see here a +0 flail.
You see here a +0 flail.
You see here a +0 club.
Items here: )))) [[.
Key pressed, stopping explore.
You see here a +0 ring mail.
There is an open door here.
Key pressed, stopping explore.
Edmund the Younger comes into view.
He is wielding a +3 heavy flail. 😎 HP[+3]
Your hp is fully restored (48).
Casting: Spider Form (dangerous; 12% risk of failure)
Confirm with . or Enter, or press ? or * to list all spells.
The spell is quite dangerous to miscast (32% risk of failure)!
Continue anyway? [Y]es or [N]o only, please.
The spell is quite dangerous to miscast (32% risk of failure)!
Continue anyway?
You turn into a creature of crystalline ice.
Your scarf of harm melds into your body.
Your +1 robe melds into your body. 😎 HP[+9] MP[-4]
You now have 57 max hp (+9).
Your hp is fully restored (57).
You lost 4 mp, and now have 8/12 mp.
Edmund shouts! 😎 MP[+1]
Found Azxafe Zojia's Armour Emporium.
Edmund hits you with a +3 heavy flail! 😕 HP[-11]
You take 11 damage, and now have 46/57 hp.
You punch Edmund! You freeze Edmund. You hit Edmund. You freeze Edmund.
Edmund hits you with a +3 heavy flail! 😮 HP[-12]
You take 12 damage, and now have 34/57 hp.
MASSIVE DAMAGE!! (PAUSE)
You hit Edmund. You freeze Edmund.
Edmund hits you with a +3 heavy flail. 😮 HP[-5]
You take 5 damage, and now have 29/57 hp.
You hit Edmund but do no damage.
Unknown command.
You hit Edmund. You freeze Edmund.
Edmund closely misses you. 😮 MP[+1] Unknown command.
You hit Edmund.
You freeze Edmund. 😮 HP[+1] Unknown command.
You punch Edmund! You freeze Edmund. Edmund hits you with a +3 heavy flail!!
* * * LOW HITPOINT WARNING * * *
You focus on the pain.
You feel your power returning. 😱 HP[-22] MP[+2]
You take 22 damage, and now have 8/57 hp.
MASSIVE DAMAGE!! (PAUSE)
Your mp is fully restored (12).
You hit Edmund but do no damage. Edmund closely misses you.
You hit Edmund. You freeze Edmund.
Unknown command.
You hit Edmund but do no damage.
Edmund says, "People will remember me!
They'll remember me and die!"
Edmund hits you with a +3 heavy flail!
* * * LOW HITPOINT WARNING * * *
😱 HP[-7]
You take 7 damage, and now have 1/57 hp.
Unknown command.
You hit Edmund but do no damage.
Unknown command.
You hit Edmund but do no damage. Edmund completely misses you.
Unknown command.
You hit Edmund but do no damage. Edmund hits you with a +3 heavy flail!
You die...

Skill      XL: |  1  2  3  4  5  6  7 |
---------------+----------------------+-----
Transmutations | 2 3 4 5 |  5.1
Unarmed Combat | 3 4 |  4.3
Poison Magic   | 1 |  1.9
Spellcasting   | 3 |  3.9
Ice Magic      | 1 2 |  2.8
Fighting       | |  1.0
Dodging        | |  1.7

Action                   |  1- 3 |  4- 6 |  7- 9 || total
-------------------------+-------+-------+-------++-------
Melee: Long sword        |    65 |     1 |       ||    66
       Unarmed           |    14 |   184 |    51 ||   249
       Kick              |     9 |    11 |       ||    20
       Headbutt          |     7 |    14 |     2 ||    23
       Punch             |     1 |     3 |       ||     4
 Cast: Beastly Appendage |    13 |    13 |       ||    26
       Spider Form       |     1 |    22 |     5 ||    28
       Wereblood         |       |     2 |     1 ||     3
       Ice Form          |       |       |     1 ||     1
  Use: Scroll            |     3 |    10 |       ||    13
       Potion            |     2 |     3 |     1 ||     6
 Stab: Sleeping          |     1 |     3 |       ||     4
Armor: Robe              |    27 |     8 |       ||    35
       Skin              |       |     8 |     2 ||    10
Dodge: Dodged            |    55 |   131 |    41 ||   227

Levels and vault maps discovered:
D:1:      scummos_arrival_simple_fountains, layout_rooms
D:2:      layout_basic, uniq_natasha
D:3:      layout_basic, nzn_hepliaklqana_mist_gate, demons_altar
D:4:      layout_cave_pools, corexii_leaking_fountain, minmay_quantized
D:5:      layout_basic, fedhas_altar_3, mainiacjoe_overflow_tiny_flanked,
          serial_shops, nicolae_shop_advertising_works
          [nicolae_subvault_shop_adworks], uniq_edmund

Notes
Turn   | Place    | Note
-------+----------+-------------------------------------------
     0 | D:1      | kae the Demonspawn Transmuter began the quest for the Orb.
     0 | D:1      | Reached XP level 1. HP: 15/15 MP: 3/3
     0 | D:1      | magus.rc [v1.11.3]
   126 | D:1      | Reached skill level 2 in Transmutations
   225 | D:1      | Mutation became permanent: You have a pair of small horns
                  | on your head. [demonic ancestry]
   225 | D:1      | Gained mutation: You have a pair of horns on your head.
                  | [demonic ancestry]
   225 | D:1      | Reached XP level 2. HP: 21/21 MP: 3/5
   575 | D:1      | HP: 2/21 [gnoll/+0 whip (10)]
   577 | D:1      | Reached skill level 3 in Unarmed Combat
   851 | D:2      | Reached XP level 3. HP: 18/26 MP: 4/6
   964 | D:2      | Noticed Natasha
   969 | D:2      | Learned a level 2 spell: Wereblood
   973 | D:2      | Learned a level 3 spell: Spider Form
  1117 | D:2      | HP: 6/26 [adder (1)]
  1129 | D:2      | HP: 6/26 [poisoned by an adder]
  1400 | D:2      | Reached skill level 3 in Transmutations
  1400 | D:2      | Gained mutation: Your movements are slightly less
                  | encumbered by armour. (ER -2) [demonic ancestry]
  1400 | D:2      | Reached XP level 4. HP: 9/32 MP: 4/7
  1401 | D:2      | HP: 3/32 [gnoll/+0 whip (7)]
  1415 | D:2      | HP: 10/48 [gnoll/+0 halberd (2)]
  2327 | D:2      | Killed Natasha
  2328 | D:2      | Reached skill level 1 in Poison Magic
  2390 | D:3      | Identified 2 scrolls of acquirement
  2390 | D:3      | Acquired the amulet "Naedacih" {Faith Contam rElec rC+
                  | Dex+9}
  2949 | D:3      | Found a hazy altar of Hepliaklqana.
  3025 | D:3      | Gained mutation: You have a pair of horns on your head.
                  | [demonic ancestry]
  3025 | D:3      | Reached XP level 5. HP: 37/37 MP: 7/9
  3280 | D:3      | Found a burning altar of Makhleb.
  3454 | D:3      | Reached skill level 3 in Spellcasting
  3945 | D:3      | Reached skill level 4 in Transmutations
  3945 | D:3      | Gained mutation: You sometimes gain a little power by
                  | taking damage. [demonic ancestry]
  3945 | D:3      | Reached XP level 6. HP: 31/43 MP: 6/10
  4023 | D:4      | HP: 10/43 [poisoned by an adder]
  4032 | D:4      | Learned a level 4 spell: Ice Form
  4254 | D:4      | You pick up a book of Dreams and begin reading...
  4254 | D:4      | You add the spells Ensorcelled Hibernation and Anguish to
                  | your library.
  4753 | D:4      | Reached skill level 1 in Ice Magic
  4984 | D:5      | Entered Level 5 of the Dungeon
  4993 | D:5      | Acquired a book of Weapons
  4994 | D:5      | You pick up a book of Weapons and begin reading...
  4994 | D:5      | You add the spells Tukima's Dance, Portal Projectile and
                  | Blade Hands to your library.
  5007 | D:5      | Found a hide-covered altar of Uskayaw.
  5200 | D:5      | Reached skill level 4 in Unarmed Combat
  5326 | D:5      | Reached XP level 7. HP: 48/48 MP: 9/12
  5360 | D:5      | Found a blossoming altar of Fedhas.
  5458 | D:5      | Reached skill level 2 in Ice Magic
  5499 | D:5      | Identified the ring "Taatuugg" {*Corrode rElec rF+++ rN+
                  | MP+9}
  5533 | D:5      | Reached skill level 5 in Transmutations
  6060 | D:5      | Noticed Edmund
  6064 | D:5      | Found Azxafe Zojia's Armour Emporium.
  6073 | D:5      | HP: 8/57 [Edmund/+3 heavy flail (22)]
  6076 | D:5      | HP: 1/57 [Edmund/+3 heavy flail (8)]
  6079 | D:5      | Mangled by Edmund

Vanquished Creatures
  A black bear (D:5)
  An ogre (D:5)
  A necrophage (D:3)
  4 hounds
  3 iron imps (D:3)
  A gnoll bouda (D:5)
  3 iguanas
  An orc wizard (D:5)
  Natasha (D:2)
  5 adders
  8 gnolls
  2 worms (D:3)
  5 dart slugs
  14 orcs (D:5)
  9 ball pythons
  4 endoplasms
  7 giant cockroaches
  7 goblins
  4 hobgoblins
  5 jackals
  6 quokkas
  3 bats
  A frilled lizard (D:1)
  3 kobolds
  6 rats
105 creatures vanquished.

Table legend:
 A = Non-vault XP
 B = Vault XP
 C = Vault XP percentage of total XP
 D = Non-vault monster count
 E = Vault monster count
 F = Vault count percentage of total count
                 A         B        C        D         E       F
            +---------+---------+-------+---------+---------+-------
      Total |     930 |     249 |  21.1 |      96 |       9 |   8.6
            +---------+---------+-------+---------+---------+-------
        D:1 |      39 |       0 |   0.0 |      16 |       0 |   0.0
        D:2 |     104 |      33 |  24.1 |      22 |       1 |   4.3
        D:3 |     107 |     120 |  52.9 |      11 |       3 |  21.4
        D:4 |     133 |      96 |  41.9 |      19 |       5 |  20.8
        D:5 |     547 |       0 |   0.0 |      28 |       0 |   0.0
            +---------+---------+-------+---------+---------+-------

Illustrated notes

Table legend:
 A = Kills in this place as a percentage of kills in entire the game.
 B = Kills by you in this place as a percentage of kills by you in the entire game.
 C = Kills by friends in this place as a percentage of kills by friends in the entire game.
 D = Other kills in this place as a percentage of other kills in the entire game.
 E = Experience gained in this place as a percentage of experience gained in the entire game.
 F = Experience gained in this place divided by the number of levels of this place that you have seen.
                   A       B       C       D       E      F
               +-------+-------+-------+-------+-------+----------------------
         Total | 100.0 | 100.0 |   N/A |   N/A | 100.0 | 235.8
       Dungeon | 100.0 | 100.0 |   N/A |   N/A | 100.0 | 235.8
               +-------+-------+-------+-------+-------+----------------------

Table legend: (Time is in decaauts)
 A = Elapsed time spent in this place.
 B = Non-inter-level travel time spent in this place.
 C = Inter-level travel time spent in this place.
 D = Time resting spent in this place.
 E = Time spent auto-exploring this place.
 F = Levels seen in this place.
 G = Mean time per level.
                   A        B        C        D        E       F      G
               +--------+--------+--------+--------+--------+-----+--------+
         Total |   6087 |   5842 |    245 |    207 |   4724 |   5 | 1217.4 |
       Dungeon |   6087 |   5842 |    245 |    207 |   4724 |   5 | 1217.4 |
               +--------+--------+--------+--------+--------+-----+--------+

Top non-repeatable levels by time:
     D:2: 1612 daAuts
     D:3: 1552 daAuts
     D:5: 1088 daAuts
     D:4: 1036 daAuts
     D:1: 798 daAuts
